 Dungeon Crawl Stone Soup version 0.28.0-53-g5a82cb258f (webtiles) character file.

Game seed: 14133915531598726517

211 Brotato the Ruffian (level 5, -2/49 HPs)
             Began as a Troll Transmuter on June 8, 2022.
             Slain by an adder (4 damage)
             ... in a sewer.
             The game lasted 00:10:29 (2165 turns).

Brotato the Ruffian (Troll Transmuter)              Turns: 2165, Time: 00:10:34

Health: -2/49      AC:  4    Str: 20    XL:     5   Next: 57%
Magic:  5/6        EV: 10    Int:  9    God:
Gold:   59         SH:  0    Dex: 10    Spells: 4/7 levels left

rFire   . . .      SeeInvis .     - Unarmed
rCold   . . .      Faith    .   (no shield)
rNeg    . . .      Spirit   .   a - +0 robe
rPois   .          Reflect  .   (helmet restricted)
rElec   .          Harm     .   (no cloak)
rCorr   .          Rampage  .   (gloves unavailable)
Will    .....                   (boots unavailable)
Stlth   +.........              (no amulet)
HPRegen 0.96/turn               (no ring)
MPRegen 0.10/turn               (no ring)

@: lethally poisoned (-2 -> -3), attractive
A: large, unfitting armour, claws 3, regeneration 1, shaggy fur 1, tough skin 1
a: no special abilities


You were in a sewer.
You visited 1 branch of the dungeon, and saw 3 of its levels.
You also visited: Sewer.

You collected 59 gold pieces.

Inventory:

Missiles
 f - 3 poisoned darts
Armour
 a - a +0 robe (worn)
Jewellery
 k - an amulet of faith
Scrolls
 b - 2 scrolls of enchant weapon {unknown}
 c - a scroll of amnesia {unknown}
 d - 2 scrolls of fear {unknown}
 e - 2 scrolls of identify {unknown}
 h - a scroll of teleportation {unknown}
 o - a scroll of enchant armour {unknown}
 q - 2 scrolls of magic mapping {unknown}
Potions
 g - a potion of attraction
 i - 2 potions of cancellation
 j - a potion of magic {unknown}
 l - a potion of berserk rage {unknown}
 m - a potion of brilliance {unknown}
 n - a potion of invisibility {unknown}
 p - 2 potions of mutation {unknown}


   Skills:
 * Level 2.0 Fighting
 + Level 1.0 Armour
 + Level 2.2 Dodging
 * Level 3.8 Unarmed Combat
 + Level 1.6 Spellcasting
 * Level 2.2 Transmutations
 * Level 0.8 Air Magic


You had 4 spell levels left.
You knew the following spells:

 Your Spells              Type           Power      Damage    Failure   Level
a - Beastly Appendage     Tmut           8%         N/A       14%         1
b - Wereblood             Tmut           4%         N/A       21%         2

Your spell library contained the following spells:

 Spells                   Type           Power      Damage    Failure   Level
 Scorch                   Fire           0%         2d5       45%         2
 Spider Form              Tmut/Pois      2%         N/A       54%         3
 Ice Form                 Ice/Tmut       2%         N/A       91%         4
 Flame Wave               Conj/Fire      0%         2d4       98%         4
 Summon Cactus Giant      Summ           0%         N/A       100%        6


Dungeon Overview and Level Annotations

Branches:
Dungeon (3/15)              Sewer (1/1)

Altars:
Qazlal


Innate Abilities, Weirdness & Mutations

You are too large for most types of armour.
You have claws for hands.
Your natural rate of healing is unusually fast.
You are covered in fur. (AC +1)
You have tough skin. (AC +1)


Message History

The bullfrog closely misses you.
The ball python bites you but does no damage.
The adder bites you but does no damage. The bullfrog barely misses you.
The bullfrog hits you.
* * * LOW HITPOINT WARNING * * *
You closely miss the adder.
The adder is severely wounded.
The ball python bites you but does no damage.
The adder bites you but does no damage. The bullfrog barely misses you.
The bullfrog hits you but does no damage.
You barely miss the adder.
The adder is severely wounded.
The bullfrog barely misses you.
The bullfrog hits you but does no damage.
The ball python bites you but does no damage.
The adder bites you but does no damage. The bullfrog hits you.
* * * LOW HITPOINT WARNING * * *
You miss the adder. Your kick misses the adder.
The adder is severely wounded.
The bullfrog closely misses you. The adder bites you.
* * * LOW HITPOINT WARNING * * *
You are poisoned.
The adder poisons you! The ball python barely misses you.
The bullfrog hits you but does no damage.
The bullfrog closely misses you. The adder closely misses you.
It was a potion of attraction.
You feel attractive to monsters.
You feel sick. The ball python closely misses you.
The bullfrog closely misses you. The bullfrog hits you!
* * * LOW HITPOINT WARNING * * *
The adder barely misses you.
The ball python bites you but does no damage.
It was a potion of cancellation.
Your magical effects are unravelling.
You feel magically purged.
Your horns disappear.
Your talons disappear.
You feel sick. The bullfrog misses you. The bullfrog hits you.
* * * LOW HITPOINT WARNING * * *
The adder bites you.
You die...

.....#
#..F..
.≈...#
#.≈≈≈≈##
≈≈≈≈≈#
#≈≈≈≈≈≈#
≈≈≈≈≈#
#≈≈≈≈≈≈#
≈≈≈≈≈#
#≈≈≈≈≈≈#
≈≈≈≈≈#
#≈≈≈≈≈≈#
≈≈≈≈≈#
#≈≈≈≈#≈#
≈≈≈≈≈#
#≈≈≈#SF#
≈≈≈≈≈#
#≈≈≈F@S#
.≈.≈≈#
#≈≈≈≈.≈#
.)..≈#
#≈≈≈≈≈≈#
...≈≈#
#≈≈≈≈≈≈#
≈≈≈≈≈#
#≈≈≈≈≈≈#
≈≈≈≈≈#
#≈≈≈≈≈≈#
≈≈≈≈≈#
#≈≈≈≈≈≈#
≈†≈≈≈#
#≈≈≈≈≈≈#
≈≈≈≈≈#
#####≈≈≈≈≈≈#


You could see 2 bullfrogs, an adder and a ball python.

Vanquished Creatures
  6 adders
  4 river rats (Sewer)
  A worm (D:3)
  A dart slug (D:2)
  5 orcs (D:3)
  3 bats
  5 endoplasms
  3 giant cockroaches
  4 goblins
  4 hobgoblins
  4 jackals
  5 quokkas
  11 ball pythons
  7 frilled lizards
  3 kobolds
  30 rats
96 creatures vanquished.

Vanquished Creatures (others)
  An orc wizard (D:3)
1 creature vanquished.

Grand Total: 97 creatures vanquished

Notes
Turn   | Place    | Note
-------+----------+-------------------------------------------
     0 | D:1      | Brotato the Troll Transmuter began the quest for the Orb.
     0 | D:1      | Reached XP level 1. HP: 18/18 MP: 1/1
   100 | D:1      | Reached skill level 1 in Fighting
   166 | D:1      | Reached XP level 2. HP: 27/27 MP: 3/3
   819 | D:2      | Found a faded altar of an unknown god.
   916 | D:2      | Reached XP level 3. HP: 33/33 MP: 4/4
  1272 | D:2      | Found a stormy altar of Qazlal.
  1580 | D:3      | Learned a level 2 spell: Wereblood
  1619 | D:3      | Reached XP level 4. HP: 18/41 MP: 5/5
  1825 | D:3      | Found a glowing drain.
  1847 | Sewer    | Entered a sewer
  1964 | Sewer    | Reached XP level 5. HP: 43/49 MP: 4/6
  2154 | Sewer    | Reached skill level 1 in Armour
  2165 | Sewer    | HP: 2/49 [bullfrog (1)]
  2165 | Sewer    | Slain by an adder

Illustrated notes

Levels and vault maps discovered:
D:1:      kennysheep_arrival_forest, layout_loops_ring, minmay_small_reverse_x
D:2:      layout_loops_ring, basic_altar,
          hellmonk_ecumenical_altar_leap_of_faith, kennysheep_generic_room_12
D:3:      layout_basic, portal_sewer_entry_b
Sewer:    sewer_minmay_w

Skill      XL: |  1  2  3  4  5 |
---------------+----------------+-----
Fighting       | 1 2 |  2.0
Dodging        | 2 |  2.2
Transmutations | 2 |  2.2
Armour         | 1 |  1.0
Unarmed Combat | |  3.8
Spellcasting   | |  1.6
Air Magic      | |  0.8

Action                   |  1- 3 |  4- 6 || total
-------------------------+-------+-------++-------
Melee: Unarmed           |    92 |   120 ||   212
       Headbutt          |     5 |     6 ||    11
       Punch             |     1 |       ||     1
       Kick              |     4 |    15 ||    19
 Cast: Beastly Appendage |    18 |    13 ||    31
  Use: Potion            |       |     2 ||     2
Armor: Robe              |    32 |    51 ||    83
Dodge: Dodged            |    60 |    96 ||   156
